 Dungeon Crawl Stone Soup version 0.27-a0-906-g0a00ce863d (webtiles) character file.

Game seed: 11900907814293298070

943 EnegeticOcto the Skirmisher (level 8, -1/61 HPs)
             Began as a Djinni Earth Elementalist on Apr 7, 2021.
             Slain by an ogre
             ... wielding a +0 giant club
              (11 damage)
             ... on level 6 of the Dungeon.
             The game lasted 00:07:38 (1154 turns).

EnegeticOcto the Skirmisher (DjEE)                  Turns: 1154, Time: 00:07:39

Health: -1/61      AC:  3    Str:  7    XL:     8   Next: 12%
Gold:   167        EV: 12    Int: 18    God:
                   SH:  0    Dex: 15

rFire    + + .     SeeInvis .   r - +3 war axe (vorpal)
rCold    x . .     Faith    .   (no shield)
rNeg     . . .     Spirit   .   c - +0 robe
rPois    ∞         Reflect  .   (no helmet)
rElec    .         Harm     .   (no cloak)
rCorr    .         Rampage  .   k - +0 pair of gloves
Will     .....                  (boots unavailable)
Stlth    ++........             (no amulet)
HPRegen  0.20/turn              l - ring of wizardry
MPRegen  0.00/turn              (no ring)

@: flying
A: fire resistance 2, cold vulnerability 1, float, innate caster, hp casting,
extra vitality 1, mutation resistance 1
a: no special abilities


You were on level 6 of the Dungeon.
You visited 1 branch of the dungeon, and saw 6 of its levels.

You collected 167 gold pieces.

Inventory:

Hand Weapons
 d - a +1 war axe
   (You found it on level 2 of the Dungeon)
 n - a +1 short sword of speed
   (You took it off an orc on level 5 of the Dungeon)
 r - a +3 vorpal war axe (weapon)
   (You took it off an orc on level 6 of the Dungeon)
Missiles
 b - 42 stones
Armour
 c - a +0 robe (worn)
 k - a +0 pair of gloves (worn)
   (You found it on level 5 of the Dungeon)
Magical Staves
 h - a staff of air
   (You found it on level 4 of the Dungeon)
Jewellery
 l - a ring of wizardry (left hand)
   (You found it on level 4 of the Dungeon)
Wands
 e - a wand of acid (7) {@v1}
   (You found it on level 3 of the Dungeon)
 j - a wand of random effects (30)
   (You found it on level 4 of the Dungeon)
 q - a wand of polymorph (5)
   (You found it on level 5 of the Dungeon)
Scrolls
 f - 2 scrolls of enchant weapon
 g - 3 scrolls of identify {@r1}
 o - a scroll of holy word {unknown}
Potions
 a - a potion of brilliance
 i - 3 potions of attraction
 m - 2 potions of curing {@q1 !q}
 p - a potion of berserk rage {unknown}


   Skills:
 + Level 6.2 Fighting
 - Level 2.1 Dodging
 - Level 1.5 Stealth
 + Level 6.0 Spellcasting


You couldn't memorise any spells.
You knew the following spells:

 Your Spells              Type           Power      Damage    Failure   Level
a - Sandblast             Erth           54%        2d13      1%          1
b - Stone Arrow           Conj/Erth      54%        3d10      1%          3
c - Petrify               Tmut/Erth      27%        N/A       4%          4
d - Lee's Rapid Deconstr  Erth           13%        3d10*     12%         5
e - Animate Skeleton      Necr           54%        N/A       1%          1
f - Lesser Beckoning      Tloc           13%        N/A       1%          3
p - Passwall              Tmut/Erth      22%        N/A       1%          2
z - Poisonous Vapours     Pois/Air       54%        N/A       1%          2
Your spell library was empty.

Dungeon Overview and Level Annotations

Branches:
Dungeon (6/15)
 Temple: D:4-7

Altars:
Fedhas
Nemelex Xobeh
Okawaru
Uskayaw
Xom
The Shining One


Innate Abilities, Weirdness & Mutations

You are immune to poison.
Your flesh is very heat resistant. (rF++)
You are vulnerable to cold. (rC-)
You float through the air rather than walking.
You learn spells naturally, not from books.
Your magical power is your life essence.
You have superior vitality. (+4 HP)
You are somewhat resistant to further mutation.


Message History

Press: ? - help, Dir - move target, f - orc, p - orc wizard
Aim: an orc, wielding a +3 vorpal war axe (wandering, hasn't noticed you) Poisonous vapours surround the orc!
The orc shouts!
You hear a shout!
The orc is engulfed in poison gas.
The orc is poisoned.
You kill the orc!
You kill the orc wizard!
Your Fighting skill increases to level 6!
You have reached level 8!
You feel agile.
Casting: Poisonous Vapours (safe; 1% risk of failure)
Confirm with . or Enter, or press ? or * to list all spells.
Aiming: Sandblast (safe; 1% risk of failure)
Press: ? - help, Shift-Dir - straight line, f - orc wizard
Aim: an orc wizard, wielding a +0 dagger and wearing a +0 robe (severely wounded, poisoned, 24% to evade)
The blast of sand hits the orc wizard.
You kill the orc wizard!
An orc comes into view. It is wielding a +0 short sword.
Casting: Sandblast (safe; 1% risk of failure)
Confirm with . or Enter, or press ? or * to list all spells.
Aiming: Poisonous Vapours (safe; 1% risk of failure)
Press: ? - help, Dir - move target, f - orc
Aim: an orc, wielding a +0 short sword and wearing a +0 ring mail Poisonous vapours surround the orc!
The orc is engulfed in poison gas.
The orc is poisoned.
You closely miss the orc.
The orc is heavily wounded.
The orc hits you with a +0 short sword. The orc barely misses you.
You barely miss the orc.
The orc is heavily wounded.
The orc barely misses you.
You hit the orc but do no damage.
The orc is heavily wounded.
The orc closely misses you. The orc hits you with a +0 short sword.
* * * LOW HITPOINT WARNING * * *
You kill the orc!
Things that are here:
a +0 short sword; a +0 ring mail; an orc corpse
Things that are here:
a +0 dagger; a +0 robe
Things that are here:
a +0 dagger; a +0 robe; an orc corpse You see here a +3 vorpal war axe.
r - a +3 vorpal war axe (weapon)
Found 3 gold pieces.
You now have 158 gold pieces (gained 3).
You reach down and open the door.
Found 9 gold pieces.
There is an open door here.
You now have 167 gold pieces (gained 9).
You reach down and open the door.
There is an open door here.
A bullfrog comes into view.
A bullfrog is nearby!
Casting: Poisonous Vapours (safe; 1% risk of failure)
Confirm with . or Enter, or press ? or * to list all spells.
Aiming: Poisonous Vapours (safe; 1% risk of failure)
Press: ? - help, Dir - move target, f - bullfrog
Aim: a bullfrog (asleep) Poisonous vapours surround the bullfrog!
The bullfrog croaks.
The bullfrog is engulfed in poison gas.
The bullfrog is poisoned.
Casting: Poisonous Vapours (safe; 1% risk of failure)
Confirm with . or Enter, or press ? or * to list all spells.
Aiming: Poisonous Vapours (safe; 1% risk of failure)
Press: ? - help, Dir - move target, f/p - bullfrog
Aim: a bullfrog (lightly wounded, poisoned) Poisonous vapours surround the bullfrog!
The bullfrog is engulfed in poison gas.
The bullfrog looks even sicker.
There is an open door here.
The bullfrog snags a nearby mouse with its tongue.
There's a creature in the doorway!
You miss the bullfrog.
The bullfrog is heavily wounded.
The bullfrog hits you.
* * * LOW HITPOINT WARNING * * *
The bullfrog hits you.
* * * LOW HITPOINT WARNING * * *
You slash the bullfrog!
The bullfrog is almost dead.
The bullfrog completely misses you. The bullfrog hits you.
* * * LOW HITPOINT WARNING * * *
You barely miss the bullfrog.
The bullfrog is almost dead.
You kill the bullfrog!
Your Spellcasting skill increases to level 6!
There is an open door here.
You see here a bullfrog corpse.
An ogre comes into view. It is wielding a +0 giant club.
The ogre moves out of view.
You hit the ogre.
The ogre is moderately wounded.
The ogre hits you with a +0 giant club!
* * * LOW HITPOINT WARNING * * *
Really quaff
m - 4 potions of curing {@q1 !q}?
You feel better. The ogre hits you with a +0 giant club!
* * * LOW HITPOINT WARNING * * *
Really quaff
m - 3 potions of curing {@q1 !q}?
You feel better. The ogre hits you with a +0 giant club!
You die...

#.# #.# ..# #.# #.# #.#
# #.# #####.######. #.#
#............##.#
#.####.######.#.# #.#
#.......#..#
#.####.####..O@.########
#.#.........###.........
#.#.##.##...# #..######
#.#.##.####.# #...#
#......## ..# #..##
#####.##..#..#. #.##
#.......# #.# . #.# ##
#.###.#.# #. #.#.# .#
#.#.# ## ##†## .#


You could see an ogre.

Vanquished Creatures
  An ice beast (D:5)
  2 ogres (D:5)
  A necrophage (D:4)
  2 bullfrogs (D:6)
  A scorpion (D:5)
  A bullfrog skeleton (D:5)
  3 hounds
  2 orc priests (D:5)
  3 iguanas
  3 orc wizards
  3 adders
  A worm (D:5)
  15 orcs
  A ball python (D:3)
  An endoplasm (D:3)
  4 giant cockroaches
  2 goblins
  2 hobgoblins
  5 jackals
  4 kobolds
  A quokka (D:5)
  A bat (D:1)
  2 rats (D:1)
61 creatures vanquished.

Vanquished Creatures (others)
  5 fungi (D:4)
  A plant (D:4)
6 creatures vanquished.

Grand Total: 67 creatures vanquished

Notes
Turn   | Place    | Note
-------+----------+-------------------------------------------
     0 | D:1      | EnegeticOcto the Djinni Earth Elementalist began the quest
                  | for the Orb.
     0 | D:1      | Reached XP level 1. HP: 15/15 MP: 0/0
    64 | D:2      | Reached skill level 1 in Fighting
    64 | D:2      | Reached XP level 2. HP: 9/22 MP: 0/0
   144 | D:1      | Reached skill level 3 in Spellcasting
   267 | D:4      | Noticed a necrophage
   273 | D:4      | Killed a necrophage
   274 | D:4      | Reached skill level 2 in Fighting
   274 | D:4      | Reached XP level 3. HP: 11/29 MP: 0/0
   274 | D:4      | Learned a level 1 spell: Animate Skeleton
   274 | D:4      | Reached XP level 4. HP: 13/34 MP: 0/0
   285 | D:4      | Found a shimmering altar of Xom.
   285 | D:4      | Found an iron altar of Okawaru.
   287 | D:4      | Found a sparkling altar of Nemelex Xobeh.
   302 | D:4      | Found a blossoming altar of Fedhas.
   348 | D:3      | Reached skill level 3 in Fighting
   351 | D:3      | Reached XP level 5. HP: 9/40 MP: 0/0
   351 | D:3      | Learned a level 2 spell: Poisonous Vapours
   380 | D:3      | Found a hide-covered altar of Uskayaw.
   432 | D:4      | Gained mutation: You are somewhat resistant to further
                  | mutation. [potion of mutation]
   462 | D:4      | Found a glowing golden altar of the Shining One.
   480 | D:4      | Reached skill level 4 in Spellcasting
   603 | D:5      | Entered Level 5 of the Dungeon
   604 | D:5      | Noticed an ogre
   609 | D:5      | Killed an ogre
   610 | D:5      | Reached skill level 4 in Fighting
   610 | D:5      | Reached XP level 6. HP: 16/47 MP: 0/0
   622 | D:5      | Noticed an ice beast
   626 | D:5      | Killed an ice beast
   652 | D:5      | Found a sparkling altar of Nemelex Xobeh.
   658 | D:5      | Reached skill level 5 in Spellcasting
   658 | D:5      | Reached XP level 7. HP: 22/53 MP: 0/0
   658 | D:5      | Learned a level 3 spell: Lesser Beckoning
   781 | D:5      | Reached skill level 5 in Fighting
  1070 | D:6      | Reached skill level 6 in Fighting
  1070 | D:6      | Reached XP level 8. HP: 23/61 MP: 0/0
  1134 | D:6      | Reached skill level 6 in Spellcasting
  1152 | D:6      | HP: 1/61 [ogre/+0 giant club (14)]
  1154 | D:6      | Slain by an ogre

Illustrated notes

Levels and vault maps discovered:
D:1:      dpeg_arrival_arbitrary_b, layout_basic, basic_ecumenical_altar,
          skrybe_limestone_x
D:2:      layout_basic, grunt_ministairs_4
D:3:      layout_basic, lemuel_round_altar
D:4:      layout_rooms, tso_oasis_becter, fedhas_altar_3,
          nicolae_overflow_hidden_temple
D:5:      layout_basic, hangedman_feature_mirror, serial_bayou_pond_d,
          st_stairs_3, minmay_misc_feat_nine_boxes
D:6:      minmay_clustersquares, layout_loops_corners, marbit_many_paths,
          minmay_temple_entry_hall, serial_shops, shop

Skill      XL: |  1  2  3  4  5  6  7  8 |
---------------+-------------------------+-----
Fighting       | 1 2 3 4 6 |  6.2
Spellcasting   | 3 4 5 6 |  6.0
Dodging        | |  2.1
Stealth        | |  1.5

Action                   |  1- 3 |  4- 6 |  7- 9 || total
-------------------------+-------+-------+-------++-------
Melee: War axe           |     3 |    12 |     9 ||    24
 Cast: Sandblast         |    21 |    20 |    28 ||    69
       Passwall          |       |     2 |       ||     2
       Stone Arrow       |       |     5 |     7 ||    12
       Poisonous Vapours |       |       |     6 ||     6
Evoke: Wand              |       |     3 |       ||     3
  Use: Potion            |       |     5 |     2 ||     7
       Scroll            |       |     6 |       ||     6
Armor: Robe              |     3 |     2 |     1 ||     6
Dodge: Dodged            |     8 |     6 |     6 ||    20

Table legend: (Time is in decaauts)
 A = Elapsed time spent in this place.
 B = Non-inter-level travel time spent in this place.
 C = Inter-level travel time spent in this place.
 D = Time resting spent in this place.
 E = Time spent auto-exploring this place.
 F = Levels seen in this place.
 G = Mean time per level.
                   A        B        C        D        E       F      G
               +--------+--------+--------+--------+--------+-----+--------+
         Total |   1146 |   1081 |     65 |      0 |      0 |   6 |  191.0 |
       Dungeon |   1146 |   1081 |     65 |      0 |      0 |   6 |  191.0 |
               +--------+--------+--------+--------+--------+-----+--------+

Top non-repeatable levels by time:
     D:5: 379 daAuts
     D:4: 304 daAuts
     D:6: 175 daAuts
     D:3: 119 daAuts
     D:2: 84 daAuts
     D:1: 84 daAuts
